 Dungeon Crawl Stone Soup version 0.25-a0-571-gb5e01bddfa (webtiles) character file.

Game seed: 8552215212458535839, levelgen mode: deterministic

30 kae the Sneak (level 3, 0/24 HPs)
             Began as a Vampire Enchanter on Feb 29, 2020.
             Slain by a goblin (4 damage)
             ... led by Robin
             ... on level 2 of the Dungeon.
             The game lasted 00:00:58 (1175 turns).

kae the Sneak (Vampire Enchanter)                   Turns: 1175, Time: 00:00:59

Health: 0/24       AC:  2    Str:  6 (7)  XL:     3   Next: 3%
Magic:  6/6        EV: 12    Int: 16 (17) God:
Gold:   114        SH:  0    Dex: 14 (15) Spells: 3/6 levels left

rFire    . . .     SeeInvis +   n - +3 dagger
rCold    . . .     Gourm    .   (no shield)
rNeg     . . .     Faith    .   b - +0 robe
rPois    .         Spirit   .   (no helmet)
rElec    .         Reflect  .   (no cloak)
rCorr    .         Harm     .   (no gloves)
MR       .....                  (no boots)
Stlth    +++.......             (no amulet)
HPRegen  0.28/turn              (no ring)
MPRegen  0.10/turn              (no ring)

@: regenerating quickly
A: no food, fangs 3, see invisible, unbreathing
a: Exsanguinate


You were on level 2 of the Dungeon.
You were alive.

You visited 1 branch of the dungeon, and saw 2 of its levels.

You collected 114 gold pieces.

Inventory:

Hand Weapons
 a - a +1 dagger
 n - a +3 dagger (weapon)
Armour
 b - a +0 robe (worn)
Scrolls
 c - a scroll of enchant armour {unknown}
 f - 3 scrolls of enchant weapon {unknown}
 h - 2 scrolls of remove curse {unknown}
 i - a scroll of magic mapping {unknown}
 j - 2 scrolls of identify {unknown}
Potions
 d - a potion of stabbing


   Skills:
 * Level 2.2 Short Blades
 - Level 2.1 Dodging
 + Level 4.8 Stealth
 + Level 2.2 Spellcasting
 + Level 4.8 Hexes


You had 3 spell levels left.
You knew the following spells:

 Your Spells              Type           Power        Failure   Level  Hunger
a - Corona                Hex            ###....      2%          1    N/A
b - Ensorcelled Hibernat  Hex/Ice        #.....       12%         2    N/A

Your spell library contained the following spells:

 Spells                   Type           Power        Failure   Level  Hunger
 Confusing Touch          Hex            ###.....     9%          3    N/A
 Tukima's Dance           Hex            ###.....     9%          3    N/A
 Dazzling Flash           Conj/Hex       #.....       22%         3    N/A

Dungeon Overview and Level Annotations

Branches:
Dungeon (2/15)

Altars:

Annotations:
D:2 1 runed translucent door, Crazy Yiuf, Robin, Sigmund


Innate Abilities, Weirdness & Mutations

You do not eat.
Your natural rate of healing is unusually fast.
You have razor-sharp teeth.
You have supernaturally acute eyesight. (SInv)
You can survive without breathing.


Message History

You feel less ready to backstab.
Sigmund smiles chillingly.
The goblin misses you. The goblin hits you but does no damage.
The goblin closely misses you. The goblin hits you but does no damage.
It was a potion of heal wounds.
You feel much better. The goblin closely misses you.
The hobgoblin hits you with a +0 club! The goblin hits you but does no damage.
The goblin closely misses you. The goblin hits you with a +0 dagger.
You closely miss the goblin. Your bite misses the goblin.
The goblin hits you with a +0 club. The goblin closely misses you.
The goblin barely misses you.
The hobgoblin hits you but does no damage.
The goblin hits you with a +0 dagger.
* * * LOW HITPOINT WARNING * * *
You hit the goblin.
The goblin is severely wounded.
The goblin hits you with a +0 dagger.
* * * LOW HITPOINT WARNING * * *
The goblin hits you.
You die...

.########
......... #
.######## .# #
.##### ###.#.#
.....# ......
.....# @...#
.....# gg..#
#....#
#####gg..#
#....#
#.(g@gg..#
#....#
#.##ggg..#
#..<.# #.
#.######.#
#....#
#.##........#
###.##
#.##..####### #
#.# #.##......#
# #.#
#.###.###.#
###.# #.# #.#
....######.###.#


You could see Sigmund (invisible), Robin, a hobgoblin and 8 goblins.

Vanquished Creatures
  A worm (D:2)
  3 bats
  2 giant cockroaches (D:2)
  3 goblins
  5 hobgoblins
  A quokka (D:2)
  A ball python (D:1)
  2 frilled lizards
  5 kobolds
  4 rats
27 creatures vanquished.

Notes
Turn   | Place    | Note
-------+----------+-------------------------------------------
     0 | D:1      | kae the Vampire Enchanter began the quest for the Orb.
     0 | D:1      | Reached XP level 1. HP: 13/13 MP: 3/3
   496 | D:1      | Reached XP level 2. HP: 19/19 MP: 5/5
   500 | D:1      | Learned a level 2 spell: Ensorcelled Hibernation
  1040 | D:2      | Found a runed translucent door.
  1041 | D:2      | Noticed Crazy Yiuf
  1133 | D:2      | Reached XP level 3. HP: 22/24 MP: 6/6
  1160 | D:2      | Noticed Robin
  1163 | D:2      | Noticed Sigmund
  1171 | D:2      | HP: 1/24 [goblin/+0 club[Robin] (2)]
  1175 | D:2      | Slain by a goblin

Levels and vault maps discovered:
D:1:      dpeg_arrival_court, layout_basic
D:2:      cheibrodos_old_hovel, layout_basic, uniq_sigmund,
          uniq_crazy_yiuf_cottage, uniq_robin

Skill      XL: |  1  2 |
---------------+-------+-----
Short Blades   | 2 |  2.2
Dodging        | |  2.1
Stealth        | |  4.8
Spellcasting   | |  2.2
Hexes          | |  4.8

Action                   || total
-------------------------++-------
Melee: Dagger            ||    82
       Bite              ||     1
 Cast: Corona            ||     1
  Use: Potion            ||     7
 Stab: Sleeping          ||     6
       Distracted        ||     1
Armor: Robe              ||    16
Dodge: Dodged            ||    57

Table legend:
 A = Non-vault XP
 B = Vault XP
 C = Vault XP percentage of total XP
 D = Non-vault monster count
 E = Vault monster count
 F = Vault count percentage of total count
                 A         B        C        D         E       F
            +---------+---------+-------+---------+---------+-------
      Total |      39 |       4 |   9.3 |      25 |       2 |   7.4
            +---------+---------+-------+---------+---------+-------
        D:1 |      13 |       0 |   0.0 |      10 |       0 |   0.0
        D:2 |      26 |       4 |  13.3 |      15 |       2 |  11.8
            +---------+---------+-------+---------+---------+-------
